Map: Tokamak LE

Players

Mekaku - Winner!

  • Race: Zerg Zerg
  • League: Diamond
  • Spawn Location: 1:00

ManlyManMeat

  • Race: Zerg Zerg
  • League: Diamond
  • Spawn Location: 7:00

VOD

Have the link to the VOD?

Description

Time

  • Played on: July 3, 2025, 10:14 a.m.
  • Length: 9:35
Show
View Real Time Build Order
Export as new Build Order

Mekaku Zerg - Winner!

Build Orders: Hatch First 

Get SALT Encoding   

  12  0:00  Drone  
  13  0:12  Overlord  
  13  0:17  Drone  
  14  0:30  Drone x2  
  14  0:34  Drone  
  17  0:50  Hatchery  
  17  0:53  Drone  
  17  1:10  Spawning Pool  
  16  1:12  Drone  
  16  1:14  Drone  
  16  1:17  Drone  
  19  1:29  Overlord  
  19  1:41  Drone  
  20  2:02  Queen x2  
  20  2:03  Zergling x2  
  20  2:04  Drone x2  
  27  2:11  Drone  
  28  2:15  Overlord  
  28  2:26  Drone x2  
  30  2:35  Drone  
  31  2:38  Queen  
  33  2:46  Extractor  
  33  2:48  Extractor  
  31  2:53  Drone x3  
  31  2:54  Spine Crawler  
  33  3:01  Drone  
  33  3:02  Drone  
  34  3:11  Drone x2  
  36  3:13  Drone x4  
  36  3:14  Overlord  
  36  3:15  Overlord  
  40  3:23  Roach Warren, Evolution Chamber  
  40  3:25  Evolution Chamber  
  37  3:33  Lair  
  37  3:35  Drone x4, Extractor  
  40  3:46  Drone x5  
  46  3:48  Drone  
  46  3:56  Evolution Chamber  
  46  4:00  Zerg Missile Weapons Level 1  
  45  4:08  Roach x2  
  49  4:10  Roach  
  49  4:41  Queen  
  49  4:45  Glial Reconstitution  
  51  4:46  Roach x4  
  51  4:47  Overlord  
  51  4:48  Overlord  
  56  5:22  Roach x5  
  66  5:39  Roach x4  
  66  5:40  Overlord, Roach  
  66  5:41  Overlord x2  
  76  5:55  Overlord x2, Hatchery  
  75  6:05  Roach x7  
  75  6:11  Overlord  
  89  6:21  Evolution Chamber  
  88  6:26  Drone  
  88  6:27  Drone x2  
  91  6:38  Drone  
  91  6:39  Drone x2  
  94  6:50  Zerg Ground Armor Level 1  
  94  6:57  Drone  
  94  6:58  Hatchery  
  94  7:05  Hatchery  
  93  7:16  Roach x10  
  113  7:29  Overlord  
  113  7:30  Overlord x2  
  117  7:51  Roach x5  
  119  8:10  Roach Warren  
  111  8:18  Drone x8  
  99  8:31  Drone x5  
  100  8:48  Hatchery  
  100  8:54  Roach x4  
Show
View Real Time Build Order
Export as new Build Order

ManlyManMeat Zerg 

Build Orders: Hatch First, Zergling Baneling 

Get SALT Encoding   

  12  0:01  Drone  
  13  0:09  Drone  
  13  0:13  Extractor  
  13  0:15  Drone  
  15  0:22  Overlord  
  15  0:41  Drone  
  16  0:47  Hatchery  
  15  0:53  Drone  
  15  0:54  Drone  
  17  0:57  Drone  
  18  1:09  Extractor  
  17  1:14  Spawning Pool  
  17  1:17  Drone  
  17  1:21  Drone  
  18  1:27  Drone  
  19  2:01  Queen x2  
  21  2:02  Zergling x4  
  21  2:03  Overlord  
  25  2:09  Metabolic Boost  
  25  2:12  Drone  
  26  2:16  Drone  
  27  2:24  Drone x2  
  29  2:32  Baneling Nest  
  29  2:33  Drone  
  29  2:46  Drone x3  
  32  2:57  Zergling x2  
  32  2:58  Zergling x4  
  35  3:18  Overlord  
  35  3:19  Overlord  
  35  3:20  Overlord  
  35  3:24  Hatchery  
  34  3:37  Zergling x2  
  34  3:38  Zergling x10  
  34  3:40  Baneling x2  
  34  3:41  Baneling x2  
  40  3:43  Baneling  
  40  3:44  Baneling  
  40  3:45  Baneling  
  40  3:46  Baneling  
  40  3:51  Drone  
  40  3:52  Drone  
  40  3:54  Drone  
  43  4:01  Zergling x6  
  43  4:20  Zergling x16  
  43  4:22  Zergling x2  
  45  4:32  Zergling x2  
  45  4:33  Zergling x6  
  45  4:34  Baneling x4  
  45  4:36  Baneling  
  49  4:42  Zergling x2  
  50  4:55  Baneling x2  
  44  5:18  Zergling x24  
  44  5:19  Zergling x6  
  52  5:23  Baneling  
  52  5:24  Baneling  
  52  5:35  Roach Warren  
  52  5:37  Drone x3  
  52  5:39  Extractor  
  53  5:47  Drone x3  
  56  5:53  Evolution Chamber  
  55  6:10  Overlord x2  
  55  6:15  Roach  
  55  6:16  Roach x4  
  65  6:21  Zerg Missile Weapons Level 1  
  63  6:45  Roach x6  
  75  6:48  Drone x3  
  75  6:49  Overlord, Extractor  
  75  6:50  Overlord  
  77  7:03  Drone x2  
  77  7:04  Drone x2  
  77  7:05  Overlord x2  
  81  7:13  Lair  
  75  7:34  Drone x4  
  75  7:35  Drone x4  
  83  7:50  Roach x8  
  91  8:18  Roach x9  
  92  8:27  Roach x4  
  79  8:55  Roach x3  
Tags
 
Add a new tag
Caveats
  • Supply blocks, unpowered buildings, or Contaminate may cause inaccurate times.
  • Supply counts are checked every 10 seconds.